Map: Beckett Industries LE

Players

Vindicta

  • Race: Terran Terran
  • League: Master

renegadeX - Winner!

  • Race: Zerg Zerg

VOD

Have the link to the VOD?

Description

Time

  • Played on: April 11, 2021, 5:17 p.m.
  • Length: 4:20
Show
View Real Time Build Order
Export as new Build Order

Vindicta Terran 

Build Orders: Reaper Expand 

Get SALT Encoding   

  12  0:01  SCV  
  13  0:13  SCV  
  14  0:18  Supply Depot  
  14  0:25  SCV  
  15  0:39  SCV  
  15  0:40  Barracks  
  16  0:45  Refinery  
  16  0:51  SCV  
  17  1:03  SCV  
  18  1:15  SCV  
  19  1:27  Reaper  
  19  1:28  Orbital Command  
  20  1:40  Command Center  
  20  1:50  Supply Depot  
  20  1:54  SCV  
  20  1:59  Marine  
  22  2:06  SCV  
  23  2:14  Factory  
  23  2:18  SCV  
  24  2:22  Barracks Reactor  
  24  2:30  SCV  
  25  2:43  Refinery, SCV  
  24  2:55  SCV  
  25  3:07  SCV  
  24  3:13  Starport  
  24  3:16  Hellion  
  24  3:17  Hellion  
  24  3:19  SCV  
  29  3:21  Barracks Tech Lab  
  29  3:31  Command Center, SCV  
  30  3:41  Marauder  
  32  3:42  Hellion  
Show
View Real Time Build Order
Export as new Build Order

renegadeX Zerg - Winner!

Build Orders: Pool First 

Get SALT Encoding   

  12  0:00  Drone  
  13  0:13  Overlord  
  13  0:18  Drone  
  14  0:31  Drone  
  14  0:32  Drone  
  16  0:49  Spawning Pool  
  15  0:50  Drone  
  15  0:51  Extractor  
  15  0:53  Drone  
  16  0:59  Drone  
  17  1:08  Drone  
  18  1:24  Hatchery  
  17  1:37  Zergling x4  
  19  1:41  Zergling x2  
  22  1:51  Metabolic Boost  
  20  2:00  Roach Warren  
  19  2:08  Queen  
  21  2:40  Roach x3  
  21  2:43  Zergling x2  
  28  2:53  Overlord  
  28  2:54  Overlord  
  27  3:13  Ravager  
  27  3:17  Zergling x2  
  27  3:18  Zergling x6  
  32  3:20  Queen  
  32  3:21  Zergling x2  
  32  3:24  Ravager  
  36  3:27  Zergling x2  
  36  3:28  Zergling x2  
  39  3:34  Zergling x4  
  40  3:51  Zergling x6  
  41  3:58  Zergling x6  
Tags
 
Add a new tag
Caveats
  • Supply blocks, unpowered buildings, or Contaminate may cause inaccurate times.
  • Supply counts are checked every 10 seconds.